AoeStats
← Barón de la Cerveza

Glade

510419646Analyzed
1v1 RM · 2d ago on Sep 30, 2026· 21m 58s· 2 players
Game mode
Random Map
Map size
Tiny (2 player)
Population
200
Speed
Normal
Resources
Standard
Victory
Conquest
Starting age
Dark Age
Ending age
Imperial Age
RankedLock teamsTeams togetherTeam positionsShared explorationLock speedFull tech treeHidden civsTurbo modeCheats
Victory
Defeat
🇨🇿 Vietnamese · Czechia
1813
+16
🇲🇽 Byzantines · Mexico
1819
-16
maxymczech
0:37 Loom
11:15 Feudal Age
11:54 Double-Bit Axe
13:54 Fletching
20:55 Castle Age
19:54 Padded Archer Armor
21:33 Bodkin Arrow
Barón de la Cerveza
2:39 Loom
7:21 Loom
10:37 Feudal Age
11:21 Double-Bit Axe
18:51 Wheelbarrow
20:27 Fletching
23:42 Castle Age
Connection lost

Rejoining the realm…

Still unreachable

The connection could not be restored.

Session expired

The server has moved on; the page needs a fresh start.